 Dungeon Crawl Stone Soup version 0.30-a0-718-geaa24f58ff (webtiles) character file.

Game seed: 13141740400815407551

196 MachoJfn the Sneak (level 5, -4/37 HPs)
             Began as a Vampire Enchanter on Jan 13, 2023.
             Was an Initiate of Kikubaaqudgha.
             Slain by an orc
             ... wielding a +1 short sword of freezing
              (8 damage)
             ... on level 4 of the Dungeon on Jan 25, 2023.
             The game lasted 00:23:44 (2876 turns).

MachoJfn the Sneak (Vampire Enchanter)              Turns: 2876, Time: 00:23:45

Health: -4/37      AC: 11    Str: 15    XL:     5   Next: 45%
Magic:  8/8        EV:  7    Int: 23    God:    Kikubaaqudgha [......]
Gold:   197        SH: 13    Dex: 15    Spells: 6/8 levels left

rFire   . . .      SeeInvis +    a - +4 dagger
rCold   . . .      Faith    .    m - +2 tower shield
rNeg    . . .      Spirit   .    p - +3 ring mail {Will+}
rPois   .          Reflect  .    d - +0 helmet
rElec   .          Harm     .    w - +1 cloak
rCorr   .          Rampage  .    (no gloves)
Will    +....                    (no boots)
Stlth   +++                      (no amulet)
HPRegen 0.46/turn                x - +6 ring of strength
MPRegen 0.11/turn                t - +6 ring of intelligence

@: healing quickly, invisible
A: alive, fangs 3, see invisible, vampiric 2
a: Exsanguinate, Renounce Religion


You were on level 4 of the Dungeon.
You worshipped Kikubaaqudgha.
Kikubaaqudgha was noncommittal.
You visited 1 branch of the dungeon, and saw 4 of its levels.

You collected 197 gold pieces.

Inventory:

Hand Weapons
 a - a +4 dagger (weapon)
Missiles
 g - 37 stones (quivered)
Armour
 d - a +0 helmet (worn)
 m - a +2 tower shield (worn)
 p - a +3 ring mail of willpower (worn)
 w - a +1 cloak (worn)
Magical Staves
 r - a staff of death
Jewellery
 e - a ring of resist corrosion
 t - a +6 ring of intelligence (right hand)
 x - a +6 ring of strength (left hand)
Wands
 j - a wand of flame (14)
 q - a wand of mindburst (22)
 y - a wand of iceblast (9)
Scrolls
 b - a scroll of fog {unknown}
 k - 2 scrolls of teleportation
 l - a scroll of noise
 o - 2 scrolls of blinking
 v - a scroll of amnesia {unknown}
Potions
 f - 2 potions of resistance {unknown}
 h - 2 potions of magic {unknown}
 i - 2 potions of cancellation {unknown}
 s - a potion of curing
 u - a potion of haste {unknown}


   Skills:
 + Level 1.2 Fighting
 + Level 2.3 Short Blades
 + Level 0.1 Staves
 + Level 0.5 Armour
 + Level 3.1 Dodging
 + Level 6.3 Stealth
 + Level 1.2 Shields
 + Level 2.0 Spellcasting
 + Level 5.4 Hexes


You had 6 spell levels left.
You knew the following spells:

 Your Spells              Type           Power      Damage    Failure   Level
a - Ensorcelled Hibernat  Hex/Ice        28%        N/A       91%         2

Your spell library contained the following spells:

 Spells                   Type           Power      Damage    Failure   Level
 Confusing Touch          Hex            27%        N/A       80%         3
 Tukima's Dance           Hex            27%        N/A       80%         3
 Dazzling Flash           Conj/Hex       28%        N/A       99%         3
 Gell's Gravitas          Tloc           2%         N/A       100%        3
 Teleport Other           Tloc           2%         N/A       100%        3
 Dispersal                Tloc           1%         N/A       100%        6


Dungeon Overview and Level Annotations

Branches:
Dungeon (4/15)
 Temple: D:4-7

Altars:
Kikubaaqudgha


Innate Abilities, Weirdness & Mutations

Your natural rate of healing is accelerated.
You have razor-sharp teeth.
You have supernaturally acute eyesight. (SInv)
You are afflicted with vampirism and can become a bat while bloodless.


Message History

Press: ? - help, Q - select action, (/) - cycle Shift-Dir - straight line, f - orc
Aim: an orc, wielding a +0 mace and wearing a +0 leather armour of poison resistance (chance to affect: 79%)
The orc's mind is blasted!
You blow up the orc!
Kikubaaqudgha accepts your kill. You block the orc priest's attack.
The orc priest casts a cantrip, but nothing happens.
You block the orc priest's attack.
The orc priest miscasts a cantrip.
Things that are here:
a +0 mace; a +0 leather armour of poison resistance You hit the orc priest but do no damage.
The orc priest hits you but does no damage.
You block the orc priest's attack.
You hit the orc priest but do no damage.
Your bite misses the orc priest. You block the orc priest's attack. x2
You closely miss the orc priest.
The orc priest mumbles some strange prayers to Beogh against you.
Beogh smites you!
The orc priest hits you with a +0 short sword.
You barely miss the orc priest.
The orc priest miscasts a cantrip.
You block the orc priest's attack.
You hit the orc priest.
The orc priest is moderately wounded.
The orc priest hits you with a +0 trident!
* * * LOW HITPOINT WARNING * * *
The orc priest hits you with a +0 short sword.
* * * LOW HITPOINT WARNING * * *
The orc priest barely misses you.
The orc throws a boomerang of dispersal.
The boomerang of dispersal hits you but does no damage.
You feel better. You block the orc priest's attack.
The orc priest calls down the wrath of Beogh upon you.
Pain shoots through your body!
* * * LOW HITPOINT WARNING * * *
You fade into invisibility!
The orc hits you with a +1 short sword of freezing!
You die...
Kikubaaqudgha rasps: "You have failed me!
Welcome... death!"

########## #####.#
......... ...#.#
........########.#..
######.............
#......#.####.#.###
#.###..#.# #.#.# #
#......#.####.#.# #
#..##.........#.###
#o@##.##.).[.......
#oo##............##
#.................#
.>.................
.....###############
....... ....#####
.....


You could see 2 orc priests and an orc (unable to see you).

Vanquished Creatures
  A hound (D:4)
  8 adders
  3 worms
  2 orcs
  8 endoplasms
  6 giant cockroaches
  7 goblins
  8 hobgoblins
  2 jackals (D:2)
  2 quokkas (D:2)
  7 ball pythons
  7 bats
  A frilled lizard (D:2)
  10 kobolds
  7 rats
79 creatures vanquished.

Vanquished Creatures (others)
  A plant (D:1)
1 creature vanquished.

Grand Total: 80 creatures vanquished

Notes
Turn   | Place    | Note
-------+----------+-------------------------------------------
     0 | D:1      | MachoJfn the Vampire Enchanter began the quest for the Orb.
     0 | D:1      | Reached XP level 1. HP: 13/13 MP: 3/3
   108 | D:1      | Reached XP level 2. HP: 18/20 MP: 5/5
   223 | D:1      | Upgraded the game from 0.30-a0-632-g346586fe48 to
                  | 0.30-a0-715-gdb4ae3ece1
   303 | D:1      | Reached skill level 5 in Stealth
   307 | D:1      | Reached skill level 5 in Hexes
   331 | D:1      | Learned a level 2 spell: Ensorcelled Hibernation
   526 | D:2      | Gained mutation: You are afflicted with vampirism and can
                  | become a bat while bloodless. [Vampire growth]
   526 | D:2      | Reached XP level 3. HP: 16/25 MP: 3/6
   891 | D:2      | Reached XP level 4. HP: 12/31 MP: 7/7
  1148 | D:2      | Reached skill level 1 in Fighting
  1506 | D:3      | Reached skill level 6 in Stealth
  1701 | D:3      | Upgraded the game from 0.30-a0-715-gdb4ae3ece1 to
                  | 0.30-a0-718-geaa24f58ff
  1805 | D:3      | Reached XP level 5. HP: 37/37 MP: 8/8
  2088 | D:3      | Found an ancient bone altar of Kikubaaqudgha.
  2095 | D:3      | Became a worshipper of Kikubaaqudgha
  2664 | D:4      | Reached skill level 1 in Shields
  2824 | D:4      | Identified the +5 ring mail of Epozy {rC+ Dex-3 Slay+6}
  2876 | D:4      | Slain by an orc

Illustrated notes

Levels and vault maps discovered:
D:1:      tarquinn_simple_flora_water_c, layout_rooms
D:2:      layout_loops_ring
D:3:      layout_basic, gammafunk_temple_overflow_wave, serial_curves,
          eino_curves_01, eino_curves_02, grunt_decor_mini_mirrors,
          minmay_joined_circles
D:4:      layout_basic, minitemple, gammafunk_ghost_smash

Skill      XL: |  1  2  3  4  5 |
---------------+----------------+-----
Stealth        | 5 6 |  6.3
Hexes          | 5 |  5.4
Short Blades   | 2 |  2.3
Fighting       | 1 |  1.2
Dodging        | 3 |  3.1
Shields        | 1 |  1.2
Staves         | |  0.1
Armour         | |  0.5
Spellcasting   | |  2.0

Action                     |  1- 3 |  4- 6 || total
---------------------------+-------+-------++-------
  Melee: Dagger            |   142 |   149 ||   291
         Bite              |     8 |    18 ||    26
         Punch             |     1 |       ||     1
         Staff             |       |    26 ||    26
   Cast: Ensorcelled Hiber |     3 |       ||     3
  Evoke: Wand              |       |     1 ||     1
    Use: Potion            |     3 |     3 ||     6
         Scroll            |     3 |     8 ||    11
   Stab: Sleeping          |     7 |    14 ||    21
 Armour: Robe              |    36 |    46 ||    82
         Ring mail         |       |    29 ||    29
  Dodge: Dodged            |   128 |    64 ||   192
  Block: Tower shield      |       |   152 ||   152

Table legend: (Time is in decaauts)
 A = Elapsed time spent in this place.
 B = Non-inter-level travel time spent in this place.
 C = Inter-level travel time spent in this place.
 D = Time resting spent in this place.
 E = Time spent auto-exploring this place.
 F = Levels seen in this place.
 G = Mean time per level.
                   A        B        C        D        E       F      G
               +--------+--------+--------+--------+--------+-----+--------+
         Total |   2929 |   2236 |    693 |    159 |   1201 |   4 |  732.2 |
       Dungeon |   2929 |   2236 |    693 |    159 |   1201 |   4 |  732.2 |
               +--------+--------+--------+--------+--------+-----+--------+

Top non-repeatable levels by time:
     D:3: 1285 daAuts
     D:2: 926 daAuts
     D:1: 485 daAuts
     D:4: 232 daAuts
